MLB
KANSAS CITY ROYALS @ HOUSTON ASTROS
10/08/2098
 
TOP OF THE 1ST
Kansas City Royals batting - Pitching for Houston Astros : RHP Mark Gaither
Pitching: RHP Mark Gaither
Batting: LHB Danny Bonilla 0-0: Called Strike
0-1: Ball
1-1: Foul Ball, location: 9LMFF
1-2: Ball
2-2: Ground out U3 (Groundball, 3, EV 89.4 MPH)
Batting: RHB Kevin Stark 0-0: Swinging Strike
0-1: Ball
1-1: Ball
2-1: Foul Ball, location: 9LDF
2-2: Ball
3-2: Strikes out looking
Batting: LHB Jorge Castillo 0-0: Fly out, F9 (Flyball, 9S, EV 81.9 MPH)
Top of the 1st over - 0 runs, 0 hits, 0 errors, 0 left on base; Kansas City 0 - Houston 0
BOTTOM OF THE 1ST
Houston Astros batting - Pitching for Kansas City Royals : RHP Craig Abling
Pitching: RHP Craig Abling
Batting: RHB Erik Ellsworth 0-0: DOUBLE (Line Drive, 7LS, EV 103.8 MPH)
Batting: LHB Zack Baize 0-0: Ball
1-0: Swinging Strike
1-1: Ball
2-1: Foul Ball, location: 5FF
2-2: Ball
3-2: Reached on error, E4 (Groundball, 4M, EV 84.4 MPH)
Batting: LHB Alex Perez 0-0: Called Strike
0-1: SINGLE (Groundball, 4MD, EV 106.9 MPH)
Erik Ellsworth to third
Zack Baize to second
Batting: LHB Roy Lazzaro 0-0: Fly out, F8 (Flyball, 8RD, EV 103.8 MPH)
Runner from 3rd tags up, SCORES, throw by CF
Zack Baize to third
Batting: RHB Kyle Stewart 0-0: Ball
1-0: Ball
2-0: Called Strike
2-1: Ball
3-1: Fly out, F9 (Flyball, 89D, EV 103.8 MPH)
Runner from 3rd tags up, SCORES, throw by RF
Batting: RHB Frank Kelsay 0-0: Foul Ball, location: 25F
0-1: Ball
1-1: Swinging Strike
1-2: Strikes out looking
Bottom of the 1st over - 2 runs, 2 hits, 1 error, 1 left on base; Kansas City 0 - Houston 2
TOP OF THE 2ND
Kansas City Royals batting - Pitching for Houston Astros : RHP Mark Gaither
Batting: RHB Blake Linden 0-0: Ball
1-0: Fly out, F8 (Flyball, 78M, EV 76.3 MPH)
Batting: LHB Mike Andreas 0-0: SOLO HOME RUN (Flyball, 9LD, EV 91.9 MPH), Distance : 349 ft
Batting: RHB Jordan Baeza 0-0: Ball
1-0: Fly out, F8 (Flyball, 8RS, EV 95.6 MPH)
Batting: LHB Tony Monterosa 0-0: Ball
1-0: Ball
2-0: Swinging Strike
2-1: Fly out, F5 (Popup, 5S, EV 80.0 MPH)
Top of the 2nd over - 1 run, 1 hit, 0 errors, 0 left on base; Kansas City 1 - Houston 2
BOTTOM OF THE 2ND
Houston Astros batting - Pitching for Kansas City Royals : RHP Craig Abling
Batting: RHB Matt Carocci 0-0: Foul Ball, location: 2F
0-1: Ball
1-1: Foul Ball, location: 3SF
1-2: Foul Ball, location: 3SF
1-2: Strikes out swinging
Batting: LHB Aaron Bruckerhoff 0-0: Ball
1-0: Called Strike
1-1: Foul Ball, location: 5FF
1-2: Ball
2-2: Strikes out looking
Batting: RHB Manchu Hu 0-0: Swinging Strike
0-1: Ball
1-1: Ground out 5-3 (Groundball, 56S, EV 83.8 MPH)
Bottom of the 2nd over - 0 runs, 0 hits, 0 errors, 0 left on base; Kansas City 1 - Houston 2
TOP OF THE 3RD
Kansas City Royals batting - Pitching for Houston Astros : RHP Mark Gaither
Batting: RHB Maurice Groen 0-0: Ball
1-0: Foul Ball, location: 5FF
1-1: Ground out 6-3 (Groundball, 6, EV 78.8 MPH)
Batting: RHB Tim Kingsley 0-0: Ball
1-0: Called Strike
1-1: Ball
2-1: Ground out 5-3 (Groundball, 56S, EV 80.6 MPH)
Batting: LHB Danny Bonilla 0-0: Fly out, F8 (Flyball, 89M, EV 91.3 MPH)
Top of the 3rd over - 0 runs, 0 hits, 0 errors, 0 left on base; Kansas City 1 - Houston 2
BOTTOM OF THE 3RD
Houston Astros batting - Pitching for Kansas City Royals : RHP Craig Abling
Batting: RHB Erik Ellsworth 0-0: Ball
1-0: Called Strike
1-1: Foul Ball, location: 9LSF
1-2: Foul Ball, location: 9LSF
1-2: Ball
2-2: Strikes out swinging
Batting: LHB Zack Baize 0-0: Ground out 4-3 (Groundball, 4S, EV 83.1 MPH)
Batting: LHB Alex Perez 0-0: Swinging Strike
0-1: Swinging Strike
0-2: Strikes out swinging passed ball, reaches first!
Batting: LHB Roy Lazzaro 0-0: Ball
1-0: Ball
2-0: SINGLE (Groundball, 6MD, EV 105.0 MPH)
Alex Perez to second
Runner from 2nd tries for 3rd, SAFE, throw by CF made to third
Batting: RHB Kyle Stewart 0-0: Ball
1-0: Ball
2-0: SINGLE (Flyball, 8LS, EV 86.9 MPH)
Alex Perez scores
Roy Lazzaro to second
Runner from 2nd tries for 3rd, SAFE, no throw by CF
Batting: RHB Frank Kelsay 0-0: Ball
1-0: Foul Ball, location: 3FF
1-1: Ball
2-1: Ball
3-1: Foul Ball, location: 7LSF
3-2: Base on Balls
Kyle Stewart to second
Batting: RHB Matt Carocci 0-0: Foul Ball, location: 3SF
0-1: Ball
1-1: Fly out, F8 (Flyball, 8LXD, EV 107.5 MPH)
Bottom of the 3rd over - 1 run, 2 hits, 0 errors, 3 left on base; Kansas City 1 - Houston 3
TOP OF THE 4TH
Kansas City Royals batting - Pitching for Houston Astros : RHP Mark Gaither
Batting: RHB Kevin Stark 0-0: Called Strike
0-1: Foul Ball, location: 9LMF
0-2: SINGLE (Groundball, 34D, EV 103.8 MPH)
Batting: LHB Jorge Castillo 0-0: Swinging Strike
0-1: Ball
1-1: Ball
2-1: Foul Ball, location: 7LDF
2-2: Ball
3-2: Foul Ball, location: 7LDF
3-2: SINGLE (Groundball, 4MD, EV 105.0 MPH)
Kevin Stark to second
Batting: RHB Blake Linden 0-0: Grounds into double play, 4-6-3 (Groundball, 4, EV 86.3 MPH)
Kevin Stark to third
Batting: LHB Mike Andreas 0-0: Foul Ball, location: 2F
0-1: Called Strike
0-2: Ball
1-2: Ball
2-2: Strikes out swinging
Top of the 4th over - 0 runs, 2 hits, 0 errors, 1 left on base; Kansas City 1 - Houston 3
BOTTOM OF THE 4TH
Houston Astros batting - Pitching for Kansas City Royals : RHP Craig Abling
Batting: LHB Aaron Bruckerhoff 0-0: Called Strike
0-1: Ball
1-1: Ball
2-1: Fly out, F8 (Flyball, 8RM, EV 99.4 MPH)
Batting: RHB Manchu Hu 0-0: Ball
1-0: Ball
2-0: Called Strike
2-1: Swinging Strike
2-2: Foul Ball, location: 2F
2-2: Ground out 6-3 (Groundball, 6, EV 106.3 MPH)
Batting: RHB Erik Ellsworth 0-0: Ball
1-0: Ball
2-0: Ground out 6-3 (Groundball, 6, EV 103.1 MPH)
Bottom of the 4th over - 0 runs, 0 hits, 0 errors, 0 left on base; Kansas City 1 - Houston 3
TOP OF THE 5TH
Kansas City Royals batting - Pitching for Houston Astros : RHP Mark Gaither
Batting: RHB Jordan Baeza 0-0: Ball
1-0: Foul Ball, location: 9LSF
1-1: Ball
2-1: Ball
3-1: Base on Balls
Batting: LHB Tony Monterosa 0-0: Called Strike
0-1: Called Strike
0-2: Ball
1-2: Foul Ball, location: 5SF
1-2: Strikes out swinging
Batting: RHB Maurice Groen 0-0: Called Strike
0-1: Called Strike
0-2: Ball
1-2: Strikes out looking
Batting: RHB Tim Kingsley 0-0: Called Strike
0-1: Called Strike
0-2: Foul Ball, location: 3F
0-2: Foul Ball, location: 5F
0-2: Ball
1-2: Fly out, F6 (Popup, 4M, EV 66.3 MPH)
Top of the 5th over - 0 runs, 0 hits, 0 errors, 1 left on base; Kansas City 1 - Houston 3
BOTTOM OF THE 5TH
Houston Astros batting - Pitching for Kansas City Royals : RHP Craig Abling
Batting: LHB Zack Baize 0-0: Ball
1-0: Reached via error on a dropped throw from 1B, E1 (Groundball, 34S, EV 73.1 MPH)
Batting: LHB Alex Perez 0-0: Ball
1-0: Ball
2-0: Ball
3-0: Called Strike
3-1: Fly out, F8 (Flyball, 8RXD, EV 100.6 MPH)
Batting: LHB Roy Lazzaro 0-0: Fly out, F9 (Flyball, 9S, EV 86.9 MPH)
Batting: RHB Kyle Stewart 0-0: Foul Ball, location: 9LMF
0-1: Ball
1-1: Foul Ball, location: 5FF
1-2: Ball
2-2: Ball
3-2: Foul Ball, location: 2F
3-2: Strikes out swinging
Bottom of the 5th over - 0 runs, 0 hits, 1 error, 1 left on base; Kansas City 1 - Houston 3
TOP OF THE 6TH
Kansas City Royals batting - Pitching for Houston Astros : RHP Mark Gaither
Batting: LHB Danny Bonilla 0-0: Fly out, F8 (Line Drive, 8LM, EV 89.4 MPH)
Batting: RHB Kevin Stark 0-0: Ball
1-0: Foul Ball, location: 25F
1-1: Ball
2-1: Ball
3-1: Base on Balls
Batting: LHB Jorge Castillo 0-0: Foul Ball, location: 7LDF
0-1: Ball
1-1: Ball
2-1: Fly out, F8 (Flyball, 89S, EV 88.1 MPH)
Batting: RHB Blake Linden 0-0: Foul Ball, location: 2F
0-1: Called Strike
0-2: Strikes out swinging
Top of the 6th over - 0 runs, 0 hits, 0 errors, 1 left on base; Kansas City 1 - Houston 3
BOTTOM OF THE 6TH
Houston Astros batting - Pitching for Kansas City Royals : RHP Craig Abling
Pitching: RHP George Dunham
Batting: RHB Frank Kelsay 0-0: Called Strike
0-1: Ball
1-1: SINGLE (Line Drive, 56D, EV 109.4 MPH)
Batting: RHB Matt Carocci 0-0: Ball
1-0: Ball
2-0: Foul Ball, location: 2LF
2-1: Foul Ball, location: 9LMF
2-2: Strikes out swinging
Batting: LHB Aaron Bruckerhoff 0-0: SINGLE (Line Drive, 78S, EV 97.5 MPH)
Frank Kelsay to second
Batting: RHB Manchu Hu 0-0: Ball
1-0: Foul Ball, location: 2F
1-1: Called Strike
1-2: Foul Ball, location: 2F
1-2: Strikes out swinging
Batting: RHB Erik Ellsworth 0-0: Ground out 3-1 (Groundball, 34S, EV 81.9 MPH)
Bottom of the 6th over - 0 runs, 2 hits, 0 errors, 2 left on base; Kansas City 1 - Houston 3
TOP OF THE 7TH
Kansas City Royals batting - Pitching for Houston Astros : RHP Mark Gaither
Batting: LHB Mike Andreas 0-0: Called Strike
0-1: Called Strike
0-2: Ball
1-2: Foul Ball, location: 2F
1-2: Fly out, F9 (Flyball, 9D, EV 106.9 MPH)
Batting: RHB Jordan Baeza 0-0: Ball
1-0: Swinging Strike
1-1: Ball
2-1: Ball
3-1: Ground out 5-3 (Groundball, 56, EV 105.0 MPH)
Batting: LHB Tony Monterosa 0-0: Ball
1-0: Called Strike
1-1: Ball
2-1: Foul Ball, location: 2F
2-2: Ground out U3 (Groundball, 34S, EV 71.3 MPH)
Top of the 7th over - 0 runs, 0 hits, 0 errors, 0 left on base; Kansas City 1 - Houston 3
BOTTOM OF THE 7TH
Houston Astros batting - Pitching for Kansas City Royals : RHP George Dunham
Batting: LHB Zack Baize 0-0: Called Strike
0-1: Called Strike
0-2: Ball
1-2: SINGLE (Groundball, 34D, EV 101.3 MPH)
Batting: LHB Alex Perez 0-0: Called Strike
0-1: Ball
1-1: Fly out, F7 (Flyball, 7LSF, EV 76.9 MPH)
Batting: LHB Roy Lazzaro 0-0: Ball
1-0: Foul Ball, location: 7LDF
1-1: Foul Ball, location: 2RF
1-2: Foul Ball, location: 2F
1-2: Ball
2-2: Foul Ball, location: 7LDF
2-2: Foul Ball, location: 2F
2-2: Ball
3-2: Base on Balls
Zack Baize to second
Batting: RHB Kyle Stewart 0-0: Called Strike
0-1: 3-RUN HOME RUN (Line Drive, 7LD, EV 97.5 MPH), Distance : 356 ft
Pitching: RHP Kevin Terrell
Batting: RHB Frank Kelsay 0-0: Called Strike
0-1: Swinging Strike
0-2: Strikes out swinging
Batting: RHB Matt Carocci 0-0: Ball
1-0: SOLO HOME RUN (Flyball, 7LD, EV 101.3 MPH), Distance : 376 ft
Batting: LHB Aaron Bruckerhoff 0-0: Ball
1-0: SOLO HOME RUN (Flyball, 8LXD, EV 109.4 MPH), Distance : 435 ft
Batting: RHB Manchu Hu 0-0: Ball
1-0: Ball
2-0: Swinging Strike
2-1: SINGLE (Groundball, 56D, EV 103.8 MPH)
Batting: RHB Erik Ellsworth 0-0: Called Strike
0-1: Ball
1-1: Foul Ball, location: 7LSF
1-2: Foul Ball, location: 5F
1-2: Strikes out swinging
Bottom of the 7th over - 5 runs, 5 hits, 0 errors, 1 left on base; Kansas City 1 - Houston 8
TOP OF THE 8TH
Kansas City Royals batting - Pitching for Houston Astros : RHP Mark Gaither
Pitching: RHP Graham Burch
Batting: RHB Maurice Groen 0-0: Called Strike
0-1: Ball
1-1: Ball
2-1: Swinging Strike
2-2: Fly out, F8 (Flyball, 8RD, EV 99.4 MPH)
Batting: RHB Tim Kingsley 0-0: Ball
1-0: Called Strike
1-1: Foul Ball, location: 9LMF
1-2: Foul Ball, location: 2LF
1-2: Strikes out swinging
Pinch Hitting: RHB Jacob Huckaby 0-0: Called Strike
0-1: Ball
1-1: Ball
2-1: Ball
3-1: Called Strike
3-2: SINGLE (Groundball, 3D, EV 99.4 MPH)
Batting: RHB Kevin Stark 0-0: Swinging Strike
0-1: Ball
1-1: Called Strike
1-2: Ball
2-2: 2-RUN HOME RUN (Flyball, 8RXD, EV 114.4 MPH), Distance : 464 ft
Batting: LHB Jorge Castillo 0-0: Ball
1-0: Ball
2-0: Swinging Strike
2-1: Called Strike
2-2: Ball
3-2: Base on Balls
Batting: RHB Blake Linden 0-0: Called Strike
0-1: Called Strike
0-2: Strikes out looking
Top of the 8th over - 2 runs, 2 hits, 0 errors, 1 left on base; Kansas City 3 - Houston 8
BOTTOM OF THE 8TH
Houston Astros batting - Pitching for Kansas City Royals : RHP Kevin Terrell
Now at SS: Jacob Huckaby
Batting: LHB Zack Baize 0-0: Foul Ball, location: 2F
0-1: Foul Ball, location: 3DF
0-2: Ball
1-2: Foul Ball, location: 2RF
1-2: Ball
2-2: Ground out U3 (Groundball, 3, EV 108.8 MPH)
Batting: LHB Alex Perez 0-0: Called Strike
0-1: Called Strike
0-2: Ball
1-2: Ball
2-2: Fly out, F9 (Flyball, 9D, EV 100.6 MPH)
Batting: LHB Roy Lazzaro 0-0: Fly out, F8 (Flyball, 8LXD, EV 111.9 MPH)
Bottom of the 8th over - 0 runs, 0 hits, 0 errors, 0 left on base; Kansas City 3 - Houston 8
TOP OF THE 9TH
Kansas City Royals batting - Pitching for Houston Astros : RHP Graham Burch
Pitching: RHP Larry Heinrich
Batting: LHB Mike Andreas 0-0: Ball
1-0: Ball
2-0: Called Strike
2-1: Called Strike
2-2: Foul Ball, location: 2F
2-2: Ball
3-2: DOUBLE (Groundball, 3L, EV 106.9 MPH)
Batting: RHB Jordan Baeza 0-0: Ball
1-0: Ball
2-0: Ball
3-0: Base on Balls
Batting: LHB Tony Monterosa 0-0: Called Strike
0-1: Swinging Strike
0-2: Ball
1-2: Strikes out swinging
Pinch Hitting: SHB Brian Shepherd 0-0: Called Strike
0-1: SINGLE (Groundball, 4MD, EV 103.8 MPH)
Mike Andreas to third
Jordan Baeza to second
Pinch Hitting: RHB Travis Bernsen 0-0: Ball
1-0: Called Strike
1-1: Foul Ball, location: 25FF
1-2: Ball
2-2: Foul Ball, location: 2F
2-2: Strikes out swinging
Batting: RHB Jacob Huckaby 0-0: GRAND SLAM HOME RUN (Flyball, 9D, EV 100.0 MPH), Distance : 384 ft
Pitching: RHP Guillermo Padron
Now in LF: Sterling Lentz
Batting: RHB Kevin Stark 0-0: Ball
1-0: Foul Ball, location: 2F
1-1: Foul Ball, location: 5FF
1-2: Ball
2-2: Strikes out swinging
Top of the 9th over - 4 runs, 3 hits, 0 errors, 0 left on base; Kansas City 7 - Houston 8
Tuesday, April 16th , 2024 - OOTP Baseball 24.11 Build 85